 Dungeon Crawl Stone Soup version 0.29-a0-925-g0a7a3d12f8 (webtiles) character file.

Game seed: 8679153704845545782

9 Newt the Stinger (level 2, 0/19 HPs)
             Began as a Demonspawn Venom Mage on July 29, 2022.
             Slain by a jackal (2 damage)
             ... on level 1 of the Dungeon.
             The game lasted 00:01:31 (482 turns).

Newt the Stinger (Demonspawn Venom Mage)             Turns: 482, Time: 00:01:31

Health: 0/19       AC:  2    Str:  8    XL:     2   Next: 3%
Magic:  4/5        EV: 12    Int: 16    God:
Gold:   8          SH:  0    Dex: 15    Spells: 4/5 levels left

rFire   . . .      SeeInvis .   (no weapon)
rCold   . . .      Faith    .   (no shield)
rNeg    . . .      Spirit   .   a - +0 robe
rPois   .          Reflect  .   (no helmet)
rElec   .          Harm     .   (no cloak)
rCorr   .          Rampage  .   (no gloves)
Will    .....                   (no boots)
Stlth   +++.......              (no amulet)
HPRegen 0.06/turn               (no ring)
MPRegen 0.09/turn               (no ring)

@: no status effects
A: thin skeletal structure 1
a: no special abilities


You were on level 1 of the Dungeon.
You visited 1 branch of the dungeon, and saw 1 of its levels.

You collected 8 gold pieces.

Inventory:

Armour
 a - a +0 robe (worn)


   Skills:
 * Level 0.6 Staves
 + Level 1.7 Dodging
 + Level 1.9 Stealth
 + Level 0.3 Unarmed Combat
 + Level 2.0 Spellcasting
 + Level 0.8 Transmutations
 + Level 3.1 Poison Magic


You had 4 spell levels left.
You knew the following spells:

 Your Spells              Type           Power      Damage    Failure   Level
a - Sting                 Tmut/Pois      32%        1d4       9%          1

Your spell library contained the following spells:

 Spells                   Type           Power      Damage    Failure   Level
 Poisonous Vapours        Pois/Air       12%        N/A       16%         2
 Mephitic Cloud           Conj/Pois/Air  5%         N/A       38%         3
 Olgreb's Toxic Radiance  Pois           11%        N/A       50%         4


Dungeon Overview and Level Annotations

Branches:
Dungeon (1/15)

Altars:


Innate Abilities, Weirdness & Mutations

You have a somewhat thin skeletal structure. (Dex +2, Stealth+)


Message History

The jackal bites you but does no damage.
You barely miss the jackal.
The jackal is almost dead.
The jackal bites you. The jackal closely misses you.
You hit the jackal but do no damage.
The jackal is almost dead.
The jackal bites you.
* * * LOW HITPOINT WARNING * * *
The jackal closely misses you. x2
You closely miss the jackal.
The jackal is almost dead.
The jackal bites you.
* * * LOW HITPOINT WARNING * * *
The jackal misses you.
The jackal bites you but does no damage.
The jackal looks more healthy.
The jackal bites you but does no damage.
The jackal bites you.
* * * LOW HITPOINT WARNING * * *
The jackal closely misses you. The jackal attacks as you move away!
The jackal barely misses you. x2
The jackal misses you.
There is an open door here.
You aren't carrying any scrolls.
Magic courses through your body.
Aiming: Sting (safe; 9% risk of failure)
Press: ? - help, Q - select action Shift-Dir - straight line, f/p - jackal
Aim: a jackal (60% to hit)
The sting misses the jackal.
The sting hits the jackal.
The jackal is poisoned.
The jackal is heavily wounded.
The jackal bites you.
* * * LOW HITPOINT WARNING * * *
Aiming: Sting (safe; 9% risk of failure)
Press: ? - help, Q - select action Shift-Dir - straight line, f/p - jackal
Aim: a jackal (heavily wounded, poisoned, 60% to hit)
The sting hits the jackal.
The jackal looks even sicker.
The jackal is almost dead.
You kill the jackal!
The jackal bites you.
You die...

##. #..##.#.#.....+
....#.....#+#.....#
#.#.#.....'.#..><.#
.......)..###.....#
.#....##†#.#.....+
..#.......#.#+#####
^.....#........#
..........#.#######
#.........#@h.....+
##........#†#+###+#
#..................
#....##.....#####!#
....##............#
....................
..................h.
.....#.....##.$...h
.....###...# .....#


You could see a jackal.

Vanquished Creatures
  A bat (D:1)
  2 endoplasms (D:1)
  3 jackals (D:1)
  A quokka (D:1)
  A kobold (D:1)
8 creatures vanquished.

Notes
Turn   | Place    | Note
-------+----------+-------------------------------------------
     0 | D:1      | Newt the Demonspawn Venom Mage began the quest for the Orb.
     0 | D:1      | Reached XP level 1. HP: 13/13 MP: 3/3
   411 | D:1      | Gained mutation: You have a somewhat thin skeletal
                  | structure. (Dex +2, Stealth+) [demonic ancestry]
   411 | D:1      | Reached XP level 2. HP: 10/19 MP: 1/5
   482 | D:1      | Slain by a jackal

Illustrated notes

Levels and vault maps discovered:
D:1:      shiori_arrival_maze, layout_basic, shapermc_ecumenical_altar_venn,
          minmay_quantized

Action                   || total
-------------------------++-------
Melee: Unarmed           ||    26
 Cast: Sting             ||    16
  Use: Potion            ||     1
Armor: Robe              ||    10
Dodge: Dodged            ||    40

Table legend: (Time is in decaauts)
 A = Elapsed time spent in this place.
 B = Non-inter-level travel time spent in this place.
 C = Inter-level travel time spent in this place.
 D = Time resting spent in this place.
 E = Time spent auto-exploring this place.
 F = Levels seen in this place.
 G = Mean time per level.
                   A        B        C        D        E       F      G
               +--------+--------+--------+--------+--------+-----+--------+
         Total |    481 |    481 |      0 |    214 |    187 |   1 |  481.0 |
       Dungeon |    481 |    481 |      0 |    214 |    187 |   1 |  481.0 |
               +--------+--------+--------+--------+--------+-----+--------+

Top non-repeatable levels by time:
     D:1: 481 daAuts
